 Dungeon Crawl Stone Soup version 0.30.1-9-gdf580d7c3d (webtiles) character file.

Game seed: 14343257602063158702

590 CaptainMV the Chiller (level 7, -1/52 HPs)
             Began as a Pale Draconian Ice Elementalist on Oct 2, 2023.
             Was an Initiate of Vehumet.
             Slain by baghtru's ghost (16 damage)
             ... on level 6 of the Dungeon.
             The game lasted 00:24:10 (2365 turns).

CaptainMV the Chiller (DrIE)                        Turns: 2365, Time: 00:24:12

Health: -1/52      AC: 11    Str: 14    XL:     7   Next: 16%
Magic:  4/13       EV: 12    Int: 15    God:    Vehumet [......]
Gold:   200        SH:  0    Dex: 13    Spells: 11/15 levels left

rFire   . . .        b - +4 dagger
rCold   . . .        (no shield)
rNeg    . . .        (body armour unavailable)
rPois   .            (helmet restricted)
rElec   .            u - +0 cloak
rCorr   .            t - +2 pair of gloves {Str+3}
SInv    .            k - +0 pair of boots
Will    .....        (no amulet)
Stlth   ++           f - ring of flight
HPRegen 0.28/turn    r - ring of wizardry
MPRegen 0.13/turn

%: wizardry (x1)
@: freezing walls, flying, slowed, very slow
A: breathe steam, AC +6, unfitting armour, cold-blooded, steam resistance
a: Breathe Steam, Renounce Religion


You were on level 6 of the Dungeon.
You worshipped Vehumet.
Vehumet was noncommittal.
You visited 1 branch of the dungeon, and saw 5 of its levels.
You also visited: Sewer.

You collected 200 gold pieces.

Inventory:

Hand Weapons
 a - a +0 rapier
 b - a +4 dagger (weapon)
 h - a +0 short sword
Missiles
 i - 11 poisoned darts (quivered)
 l - 3 boomerangs
Armour
 k - a +0 pair of boots (worn)
 t - a +2 pair of gloves of strength (worn)
 u - a +0 cloak (worn)
Jewellery
 f - a ring of flight (left hand)
 n - a ring of protection from cold
 r - a ring of wizardry (right hand)
Scrolls
 o - a scroll of enchant weapon
 p - 2 scrolls of identify
 q - a scroll of blinking
Potions
 c - 2 potions of magic
 d - a potion of invisibility
 e - a potion of resistance
 g - 2 potions of attraction
 j - 2 potions of curing
 m - a potion of heal wounds


   Skills:
 + Level 1.1 Fighting
 + Level 1.8 Short Blades
 + Level 2.8 Dodging
 + Level 2.7 Stealth
 + Level 4.5 Spellcasting
 + Level 6.0 Ice Magic


You had 11 spell levels left.
You knew the following spells:

 Your Spells              Type           Power      Damage    Failure   Level
a - Freeze                Ice            84%        1d9       1%          1
b - Frozen Ramparts       Ice            42%        1d7       1%          3

Your spell library contained the following spells:

 Spells                   Type           Power      Damage    Failure   Level
 Ozocubu's Armour         Ice            21%        N/A       1%          3
 Foxfire                  Conj/Fire      12%        2x1d4     7%          1
 Kiss of Death            Conj/Necr      12%        2d6       7%          1
 Confusing Touch          Hex            3%         N/A       21%         3
 Summon Ice Beast         Ice/Summ       12%        N/A       21%         4
 Dispel Undead            Necr           3%         3d7       52%         4
 Fireball                 Conj/Fire      1%         3d3       86%         5
 Plasma Beam              Fire/Air       1%         2x1d12    100%        6
 Starburst                Conj/Fire      1%         6d3       100%        6


Dungeon Overview and Level Annotations

Branches:
Dungeon (4/15)              Sewer (visited)
 Temple: D:4-7

Altars:
Okawaru
Qazlal
Ru
Vehumet
The Shining One

Annotations:
D:3 Grinder
D:6 baghtru's ghost, novice HOFi


Innate Abilities, Weirdness & Mutations

You can breathe blasts of scalding, opaque steam.
Your pale cyan-grey scales are hard. (AC +6)
You cannot fit into any form of body armour.
You are cold-blooded and may be slowed by cold attacks.
You are immune to the effects of steam.


Message History

Press: ? - help, Shift-Dir - straight line, f - baghtru's ghost
Aim: baghtru's ghost, wielding a weapon of freezing (lightly damaged)
You freeze baghtru's ghost.
Baghtru's ghost is lightly damaged.
The wall freezes baghtru's ghost but does no damage.
Baghtru's ghost hits you!
* * * LOW HITPOINT WARNING * * *
Baghtru's ghost freezes you.
* * * LOW HITPOINT WARNING * * *
Casting: Freeze (safe; 1% risk of failure)
Confirm with . or Enter, or press ? or * to list all spells.
Aiming: Freeze (safe; 1% risk of failure)
Press: ? - help, Shift-Dir - straight line, f/p - baghtru's ghost
Aim: baghtru's ghost, wielding a weapon of freezing (lightly damaged)
You freeze baghtru's ghost!
Baghtru's ghost is moderately damaged.
The wall freezes baghtru's ghost but does no damage.
Baghtru's ghost closely misses you.
You feel much better.
The wall freezes baghtru's ghost but does no damage.
Baghtru's ghost hits you. Baghtru's ghost freezes you.
Casting: Freeze (safe; 1% risk of failure)
Confirm with . or Enter, or press ? or * to list all spells.
Aiming: Freeze (safe; 1% risk of failure)
Press: ? - help, Shift-Dir - straight line, f/p - baghtru's ghost
Aim: baghtru's ghost, wielding a weapon of freezing (moderately damaged)
You freeze baghtru's ghost.
Baghtru's ghost is moderately damaged.
The wall freezes baghtru's ghost.
Baghtru's ghost hits you!
You feel yourself slow down. Baghtru's ghost freezes you.
* * * LOW HITPOINT WARNING * * *
Casting: Freeze (safe; 1% risk of failure)
Confirm with . or Enter, or press ? or * to list all spells.
Aiming: Freeze (safe; 1% risk of failure)
Press: ? - help, Shift-Dir - straight line, f/p - baghtru's ghost
Aim: baghtru's ghost, wielding a weapon of freezing (moderately damaged)
You freeze baghtru's ghost.
Baghtru's ghost is moderately damaged.
The wall freezes baghtru's ghost.
Baghtru's ghost hits you!
You die...

#....# ....#....# #
# #...#....##.#
#.#.#...#.......#
###.#.#...#...#
..........#...#####
#....#.#.#.........
#........#..#######
#.....@.......#
#.#.##W###.####
#.$.##.# #P8P##.#
#####..# ###


You could see baghtru's ghost.

Vanquished Creatures
  3 bullfrogs
  3 hounds (D:4)
  An orc priest (D:4)
  Jessica (D:2)
  Robin (D:2)
  10 adders
  3 worms
  3 dart slugs
  5 orcs
  13 endoplasms
  13 giant cockroaches
  17 goblins
  7 hobgoblins
  5 jackals
  10 quokkas
  14 ball pythons
  7 bats
  6 frilled lizards
  5 kobolds
  4 rats
131 creatures vanquished.

Notes
Turn   | Place    | Note
-------+----------+-------------------------------------------
     0 | D:1      | CaptainMV the Draconian Ice Elementalist began the quest
                  | for the Orb.
     0 | D:1      | Reached XP level 1. HP: 14/14 MP: 3/3
   331 | D:1      | Reached XP level 2. HP: 19/20 MP: 0/5
   575 | D:2      | Reached XP level 3. HP: 22/26 MP: 3/6
   650 | D:2      | Noticed Jessica
   660 | D:2      | Killed Jessica
   668 | D:2      | Reached XP level 4. HP: 21/34 MP: 1/8
   760 | D:2      | Learned a level 3 spell: Frozen Ramparts
   896 | D:2      | Noticed Robin
   916 | D:2      | Killed Robin
   917 | D:2      | Reached skill level 5 in Ice Magic
  1097 | D:3      | Found a glowing golden altar of the Shining One.
  1160 | D:3      | Found a sacrificial altar of Ru.
  1176 | D:3      | Reached XP level 5. HP: 39/39 MP: 5/10
  1181 | D:3      | Found an iron altar of Okawaru.
  1337 | D:3      | Found a glowing drain.
  1341 | Sewer    | Entered a sewer
  1579 | Sewer    | Reached skill level 1 in Short Blades
  1579 | Sewer    | Reached XP level 6. HP: 43/46 MP: 2/11
  1582 | Sewer    | Reached skill level 1 in Fighting
  1786 | D:3      | Noticed Grinder
  1796 | D:3      | Paralysed by Grinder for 5 turns
  1860 | D:3      | Paralysed by Grinder for 5 turns
  2082 | D:4      | Found a radiant altar of Vehumet.
  2087 | D:4      | Became a worshipper of Vehumet
  2239 | D:4      | Your scales start taking on a pale cyan-grey colour.
  2239 | D:4      | Reached XP level 7. HP: 52/52 MP: 8/13
  2239 | D:4      | Gained mutation: You are immune to the effects of steam.
                  | [Pale Draconian growth]
  2241 | D:4      | Reached skill level 6 in Ice Magic
  2246 | D:4      | Found a stormy altar of Qazlal.
  2259 | D:4      | Identified the +2 robe "Abbouben" {rCorr Str+7 Int-2 Dex+3}
  2342 | D:4      | You are sucked into a shaft and drop 2 floors!
  2345 | D:6      | Found a runed translucent door.
  2345 | D:6      | Noticed baghtru's ghost (novice HOFi)
  2365 | D:6      | Slain by baghtru's ghost

Illustrated notes

Levels and vault maps discovered:
D:1:      onia_arrival_mini_maze_b, layout_rooms, serial_park_tiny_pond
D:2:      layout_rooms, uniq_jessica, uniq_robin
D:3:      wad_river_or_something, layout_rooms,
          mainiacjoe_overflow_small_starburst, nicolae_tso_carved_into_rock,
          hangedman_ru_absence, amcnicky_altar_gilded, gup_sewer_entry_spiral,
          serial_bayou_pond_d, minmay_misc_feat_columns, grunt_decor_one_mirror,
          uniq_grinder
D:4:      layout_loops_ring, marbit_many_paths, grunt_qazlal_clouds
D:6:      layout_basic, overflow_temple_1_default,
          mainiacjoe_overflow_concentric_impassable, mainiacjoe_overflow_paths,
          temple_green, gammafunk_ghost_grave, chequers_serial_rivers_marsh,
          uniq_sigmund

Skill      XL: |  1  2  3  4  5  6  7 |
---------------+----------------------+-----
Dodging        | 2 |  2.8
Spellcasting   | 3 4 |  4.5
Ice Magic      | 5 6 |  6.0
Stealth        | 2 |  2.7
Short Blades   | 1 |  1.8
Fighting       | 1 |  1.1

Action                     |  1- 3 |  4- 6 |  7- 9 || total
---------------------------+-------+-------+-------++-------
  Melee: Dagger            |    32 |   147 |    13 ||   192
         Tailslap          |       |    19 |     2 ||    21
         Punch             |       |     2 |       ||     2
   Cast: Freeze            |    29 |    41 |     4 ||    74
         Frozen Ramparts   |       |    21 |     4 ||    25
Ability: Breathe Steam     |       |       |     1 ||     1
    Use: Scroll            |     3 |     5 |       ||     8
         Potion            |       |     3 |     1 ||     4
   Stab: Sleeping          |     1 |    11 |       ||    12
 Armour: Skin              |    18 |    69 |     6 ||    93
  Dodge: Dodged            |    46 |   114 |     6 ||   166
